 Dungeon Crawl Stone Soup version 0.28-a0-1159-g27aa881441 (webtiles) character file.

Game seed: 11853252210143290905

1869 dracfodder the Magician (level 9, -3/46 HPs)
             Began as a Gargoyle Earth Elementalist on Dec 15, 2021.
             Slain by a boulder beetle (21 damage)
             ... on level 7 of the Dungeon.
             The game lasted 00:41:03 (8020 turns).

dracfodder the Magician (GrEE)                      Turns: 8020, Time: 00:41:05

Health: -3/46      AC: 10    Str: 10    XL:     9   Next: 13%
Magic:  15/20      EV: 12    Int: 20    God:
Gold:   261        SH:  0    Dex: 12    Spells: 13/23 levels left

rFire   + . .      SeeInvis .   k - +4 spear (vorpal)
rCold   x . .      Faith    .   (no shield)
rNeg    + + .      Spirit   .   b - +2 robe
rPois   ∞          Reflect  .   (no helmet)
rElec   +          Harm     .   (no cloak)
rCorr   .          Rampage  .   (no gloves)
Will    .....                   (no boots)
Stlth   +++.......              (no amulet)
HPRegen 0.15/turn               p - ring of fire
MPRegen 0.17/turn               B - ring of positive energy

@: no status effects
A: sickness immunity, AC +6, negative energy resistance 1, electricity
resistance, torment resistance 1, petrification resistance, thin skeletal
structure 1, weak 1, wild magic 1
a: no special abilities


You were on level 7 of the Dungeon.
You visited 1 branch of the dungeon, and saw 7 of its levels.

You collected 421 gold pieces.
You spent 160 gold pieces at shops.

Inventory:

Hand Weapons
 a - a +0 hand axe
 k - a +4 vorpal spear (weapon)
 n - a +2 spear of flaming
 o - a +0 hunting sling
Missiles
 c - 131 stones
 d - 97 arrows
 g - 38 sling bullets
 i - 19 poisoned darts (quivered)
 l - 2 throwing nets
 v - 19 bolts
Armour
 b - a +2 robe (worn)
 m - a +0 helmet
Jewellery
 p - a ring of fire (left hand)
 B - a ring of positive energy (right hand)
Wands
 r - a wand of iceblast (11)
 x - a wand of mindburst (19)
Scrolls
 q - a scroll of amnesia
 s - 4 scrolls of teleportation
 t - 6 scrolls of identify
 w - a scroll of fear
 y - 2 scrolls of summoning
 z - a scroll of vulnerability {unknown}
 A - a scroll of blinking {unknown}
Potions
 e - 7 potions of curing
 f - a potion of lignification
 h - a potion of might
 j - a potion of cancellation
 u - a potion of degeneration {unknown}


   Skills:
 + Level 0.9 Fighting
 + Level 1.5 Polearms
 + Level 2.9 Throwing
 + Level 2.6 Dodging
 + Level 3.4 Stealth
 + Level 1.7 Shields
 * Level 7.7 Spellcasting
 + Level 2.2 Conjurations
 + Level 0.7 Transmutations
 + Level 7.2 Earth Magic
 + Level 0.2 Evocations


You had 13 spell levels left.
You knew the following spells:

 Your Spells              Type           Power      Damage    Failure   Level
a - Sandblast             Erth           94%        2d19      1%          1
b - Passwall              Tmut/Erth      25%        N/A       4%          2
c - Stone Arrow           Conj/Erth      68%        3d11      6%          3
d - Petrify               Tmut/Erth      30%        N/A       24%         4

Your spell library contained the following spells:

 Spells                   Type           Power      Damage    Failure   Level
 Leda's Liquefaction      Hex/Erth       14%        N/A       28%         4
 Call Canine Familiar     Summ           10%        N/A       34%         3
 Portal Projectile        Hex/Tloc       20%        N/A       34%         3
 Swiftness                Air            10%        N/A       34%         3


Dungeon Overview and Level Annotations

Branches:
Dungeon (7/15)             Temple (0/1) D:7

Altars:
Gozag
Makhleb
Qazlal
Ru
Uskayaw
Vehumet
Zin

Shops:
D:4 ?   D:5 ?

Annotations:
D:3 3 runed translucent doors, Natasha; flotson's ghost, novice DsGl


Innate Abilities, Weirdness & Mutations

You are immune to sickness and miasma.
Your stone body is resilient. (AC +6)
You are immune to poison.
You resist negative energy. (rN+)
You are resistant to electric shocks. (rElec)
You are resistant to unholy torment.
You are immune to petrification.
You have a somewhat thin skeletal structure. (Dex +2, Stealth+)
You are weak. (Str -2)
Your spells are a little harder to cast, but a little more powerful.


Message History

The blast of sand hits the scorpion.
The scorpion is heavily wounded.
c - 135 stones The scorpion stings you.
Casting: Sandblast (safe; 1% risk of failure)
Confirm with . or Enter, or press ? or * to list all spells.
Aiming: Sandblast (safe; 1% risk of failure)
Press: ? - help, Shift-Dir - straight line, f/p - scorpion
Aim: a scorpion (heavily wounded, 83% to hit)
The blast of sand hits the scorpion!
The scorpion is almost dead.
c - 134 stones The scorpion stings you!
The boulder beetle stops rolling and uncurls.
Casting: Sandblast (safe; 1% risk of failure)
Confirm with . or Enter, or press ? or * to list all spells.
Aiming: Sandblast (safe; 1% risk of failure)
Press: ? - help, Shift-Dir - straight line, f - boulder beetle, p - scorpion
Aim: a boulder beetle (100% to hit)
The blast of sand hits the scorpion.
You kill the scorpion!
c - 133 stones Your Conjurations skill increases to level 2!
Casting: Sandblast (safe; 1% risk of failure)
Confirm with . or Enter, or press ? or * to list all spells.
Aiming: Sandblast (safe; 1% risk of failure)
Press: ? - help, Shift-Dir - straight line, f/p - boulder beetle
Aim: a boulder beetle (100% to hit)
The blast of sand hits the boulder beetle but does no damage.
c - 132 stones The boulder beetle bites you!
Casting: Sandblast (safe; 1% risk of failure)
Confirm with . or Enter, or press ? or * to list all spells.
Aiming: Sandblast (safe; 1% risk of failure)
Press: ? - help, Shift-Dir - straight line, f/p - boulder beetle
Aim: a boulder beetle (100% to hit)
The blast of sand hits the boulder beetle but does no damage.
c - 131 stones The boulder beetle bites you!!
You die...

#. ♣.♣ ♣.♣♣♣♣♣♣♣
♣♣.♣♣
♣...PPP♣#♣...♣#
#..P≈P♣#.....#
#..PPP♣#.....#
#l#.....♣#...).#
........♣#.♣♣♣.#
. #.♣♣♣.♣.♣# .P≈
#♣@..♣♣♣.#
.PPP.###B♣♣♣.♣.♣#
....°°...♣#.♣♣♣.#
.#.#.....♣#.....#
#..PPP♣#.....#
#..P≈P♣#.....#
♣...PPP♣#♣...♣#
♣(♣♣♣♣♣♣♣ ♣♣.♣♣
#. ##♣.♣##


You could see a boulder beetle.

Vanquished Creatures
  Edmund (D:5)
  An orc warrior (D:7)
  A black bear (D:5)
  3 sky beasts
  3 ogres
  2 centaurs (D:6)
  A phantom (D:4)
  A scorpion (D:7)
  A wyvern skeleton (D:7)
  A water moccasin skeleton (D:5)
  3 hounds
  A jelly (D:6)
  2 orc priests
  2 centaur zombies
  A centaur skeleton (D:4)
  4 iguanas
  Natasha (twice) (D:3)
  2 killer bee zombies (D:6)
  2 hound skeletons (D:4)
  Robin (D:3)
  An adder (D:4)
  4 gnolls (D:3)
  A white imp (D:5)
  An ufetubus (D:6)
  2 worms (D:3)
  3 dart slugs
  6 orcs
  3 endoplasms
  4 giant cockroaches
  17 goblins
  9 hobgoblins
  4 quokkas
  5 ball pythons
  7 bats
  3 kobolds
  4 rats
109 creatures vanquished.

Vanquished Creatures (others)
  A centaur zombie (D:7)
1 creature vanquished.

Grand Total: 110 creatures vanquished

Notes
Turn   | Place    | Note
-------+----------+-------------------------------------------
     0 | D:1      | dracfodder the Gargoyle Earth Elementalist began the quest
                  | for the Orb.
     0 | D:1      | Reached XP level 1. HP: 10/10 MP: 3/3
   868 | D:2      | Reached XP level 2. HP: 15/15 MP: 5/5
   966 | D:2      | Learned a level 2 spell: Passwall
  1623 | D:3      | Found a runed translucent gate.
  2108 | D:2      | Reached XP level 3. HP: 1/19 MP: 4/6
  2112 | D:2      | Learned a level 3 spell: Stone Arrow
  2715 | D:3      | Reached XP level 4. HP: 23/24 MP: 5/8
  2717 | D:3      | Found a runed translucent gate.
  2718 | D:3      | Found a runed translucent gate.
  2733 | D:3      | Noticed flotson's ghost (novice DsGl)
  2753 | D:3      | Noticed Robin
  2760 | D:3      | Killed Robin
  3053 | D:3      | Reached XP level 5. HP: 14/28 MP: 3/10
  3271 | D:3      | Found a faded altar of an unknown god.
  3345 | D:3      | Noticed Natasha
  3354 | D:3      | Killed Natasha
  3404 | D:3      | Found a stormy altar of Qazlal.
  3423 | D:3      | Found a glowing silver altar of Zin.
  3434 | D:3      | Learned a level 4 spell: Petrify
  3476 | D:3      | Reached skill level 1 in Throwing
  3651 | D:3      | Noticed Natasha
  3652 | D:3      | Killed Natasha
  3755 | D:3      | Noticed Natasha
  3905 | D:3      | Gained mutation: Armour fits poorly on your strangely
                  | shaped body. [potion of mutation]
  3905 | D:3      | Gained mutation: You are partially covered in iridescent
                  | scales. (AC +2) [potion of mutation]
  3905 | D:3      | Gained mutation: You are partially covered in large bone
                  | plates. (SH +4) [potion of mutation]
  3906 | D:3      | Lost mutation: You are partially covered in iridescent
                  | scales. (AC +2) [potion of mutation]
  3906 | D:3      | Lost mutation: Armour fits poorly on your strangely shaped
                  | body. [potion of mutation]
  3906 | D:3      | Gained mutation: You have hidden genetic potential. [potion
                  | of mutation]
  3906 | D:3      | Gained mutation: You are agile. (Dex +2) [potion of
                  | mutation]
  3906 | D:3      | Gained mutation: You have a pair of small horns on your
                  | head. [potion of mutation]
  3955 | D:4      | Reached XP level 6. HP: 32/32 MP: 12/12
  4701 | D:4      | Reached skill level 5 in Earth Magic
  4705 | D:4      | Gained mutation: Your spells are a little harder to cast,
                  | but a little more powerful. [hidden potential]
  4729 | D:4      | Reached skill level 5 in Spellcasting
  4961 | D:5      | Entered Level 5 of the Dungeon
  5078 | D:4      | Reached XP level 7. HP: 33/36 MP: 11/15
  5166 | D:4      | Found Hutud's Magic Scroll Boutique.
  5174 | D:4      | Bought a scroll of noise for 10 gold pieces
  5174 | D:4      | Bought a scroll of identify for 20 gold pieces
  5174 | D:4      | Bought a scroll of identify for 20 gold pieces
  5174 | D:4      | Bought a scroll of identify for 20 gold pieces
  5174 | D:4      | Bought a scroll of immolation for 35 gold pieces
  5174 | D:4      | Bought a scroll of identify for 20 gold pieces
  5174 | D:4      | Bought a scroll of fear for 35 gold pieces
  5464 | D:5      | Reached skill level 1 in Conjurations
  5491 | D:5      | Gained mutation: Your spells are harder to cast, but more
                  | powerful. [hidden potential]
  5491 | D:5      | Lost mutation: You have hidden genetic potential. [hidden
                  | potential expressed]
  5738 | D:5      | Found a burning altar of Makhleb.
  5740 | D:5      | Found a hide-covered altar of Uskayaw.
  5744 | D:5      | Found a sacrificial altar of Ru.
  5870 | D:5      | Noticed Edmund
  5884 | D:5      | Killed Edmund
  6087 | D:5      | Reached XP level 8. HP: 41/41 MP: 9/17
  6152 | D:5      | Found Qeann's Magic Scroll Shop.
  6325 | D:6      | Reached skill level 1 in Polearms
  7095 | D:6      | Lost mutation: You are agile. (Dex +2) [potion of mutation]
  7095 | D:6      | Lost mutation: You have a pair of small horns on your head.
                  | [potion of mutation]
  7095 | D:6      | Lost mutation: You are partially covered in large bone
                  | plates. (SH +4) [potion of mutation]
  7095 | D:6      | Gained mutation: You have a somewhat thin skeletal
                  | structure. (Dex +2, Stealth+) [potion of mutation]
  7095 | D:6      | Gained mutation: You possess an exceptional clarity of
                  | mind. [potion of mutation]
  7095 | D:6      | Gained mutation: Your magical capacity is low. (-10% MP)
                  | [potion of mutation]
  7096 | D:6      | Lost mutation: You possess an exceptional clarity of mind.
                  | [potion of mutation]
  7096 | D:6      | Lost mutation: Your spells are harder to cast, but more
                  | powerful. [potion of mutation]
  7096 | D:6      | Lost mutation: Your magical capacity is low. (-10% MP)
                  | [potion of mutation]
  7096 | D:6      | Gained mutation: You are weak. (Str -2) [potion of
                  | mutation]
  7408 | D:6      | Found an opulent altar of Gozag.
  7559 | D:7      | Found a radiant altar of Vehumet.
  7636 | D:7      | Reached skill level 1 in Shields
  7768 | D:7      | Found a staircase to the Ecumenical Temple.
  7816 | D:7      | Reached XP level 9. HP: 46/46 MP: 8/20
  7973 | D:7      | Noticed a komodo dragon
  8011 | D:7      | Noticed a boulder beetle
  8020 | D:7      | Slain by a boulder beetle

Illustrated notes

Levels and vault maps discovered:
D:1:      roderic_chinese_lattice_arrival, layout_loops_ring
D:2:      mumra_celtic_spiral_tile, layout_basic, minmay_crystal_room
D:3:      layout_rooms, nicolae_qazlal_general_emergency, zin_academy,
          gammafunk_ghost_split, dreamdust_ecumenical_altar_angels_and_demons,
          nicolae_figureground_sparkle, uniq_natasha, uniq_robin
D:4:      layout_gridville, serial_shops, shop, grunt_ministairs_13
D:5:      layout_basic, grunt_temple_overflow_diamond, serial_shops,
          kennysheep_little_box, uniq_edmund
D:6:      layout_loops_corners, nicolae_gozag_cash_rules_everything_around_me
D:7:      nzn_winding_woodlands_large [nzn_winding_woodlands_5x5_default,
          nzn_winding_woodlands_5x15_parted,
          nzn_winding_woodlands_5x5_perimeter,
          nzn_winding_woodlands_center_triple_pond,
          nzn_winding_woodlands_15x15_five_gardens,
          nzn_winding_woodlands_center_garden, nzn_winding_woodlands_hourglass,
          nzn_winding_woodlands_5x15_concentric,
          nzn_winding_woodlands_5x5_open_star], layout_basic,
          fiery_altar_vehumet, minmay_temple_entry_overgrown,
          uniq_prince_ribbit1

Skill      XL: |  1  2  3  4  5  6  7  8  9 |
---------------+----------------------------+-----
Spellcasting   | 3 4 5 6 7 |  7.7
Earth Magic    | 4 5 6 7 |  7.2
Throwing       | 1 2 |  2.9
Conjurations   | 1 2 |  2.2
Dodging        | 2 |  2.6
Stealth        | 3 |  3.4
Polearms       | 1 |  1.5
Shields        | 1 |  1.7
Fighting       | |  0.9
Transmutations | |  0.7
Evocations     | |  0.2

Action                   |  1- 3 |  4- 6 |  7- 9 || total
-------------------------+-------+-------+-------++-------
Melee: Hand axe          |     6 |       |       ||     6
       Spear             |       |    23 |    28 ||    51
       Headbutt          |       |       |     1 ||     1
Throw: Dart              |    18 |    47 |    21 ||    86
 Cast: Sandblast         |    31 |    53 |    48 ||   132
       Stone Arrow       |       |    22 |    14 ||    36
Evoke: Wand              |       |       |     4 ||     4
  Use: Scroll            |     5 |     2 |     2 ||     9
       Potion            |       |     3 |     2 ||     5
 Stab: Sleeping          |       |       |     1 ||     1
Armor: Robe              |    12 |    28 |    19 ||    59
Dodge: Dodged            |    25 |    32 |    33 ||    90
Block: Other             |       |     2 |    11 ||    13

Table legend: (Time is in decaauts)
 A = Elapsed time spent in this place.
 B = Non-inter-level travel time spent in this place.
 C = Inter-level travel time spent in this place.
 D = Time resting spent in this place.
 E = Time spent auto-exploring this place.
 F = Levels seen in this place.
 G = Mean time per level.
                   A        B        C        D        E       F      G
               +--------+--------+--------+--------+--------+-----+--------+
         Total |   8033 |   7699 |    334 |   1699 |   4887 |   7 | 1147.6 |
       Dungeon |   8033 |   7699 |    334 |   1699 |   4887 |   7 | 1147.6 |
               +--------+--------+--------+--------+--------+-----+--------+

Top non-repeatable levels by time:
     D:2: 2078 daAuts
     D:4: 1470 daAuts
     D:6: 1315 daAuts
     D:3: 1018 daAuts
     D:1: 860 daAuts
     D:5: 760 daAuts
     D:7: 528 daAuts
